 Dungeon Crawl Stone Soup version 0.30-a0-852-g08b95dd62f (webtiles) character file.

Game seed: 964706724103779923

135 demibob the Covered (level 4, -1/35 HPs)
             Began as a Demonspawn Wanderer on Mar 4, 2023.
             Was a Follower of Wu Jian.
             Slain by a black bear (2 damage)
             ... on level 3 of the Dungeon.
             The game lasted 00:02:08 (1729 turns).

demibob the Covered (Demonspawn Wanderer)           Turns: 1729, Time: 00:02:08

Health: -1/35      AC: 11    Str: 17      XL:     4   Next: 96%
Magic:  4/4        EV:  7    Int:  9 (11) God:    Wu Jian [*.....]
Gold:   108        SH:  0    Dex: 12      Spells: 3/3 levels left

rFire   + . .      SeeInvis .    a - +1 mace
rCold   + . .      Faith    .    (no shield)
rNeg    . . .      Spirit   .    b - +0 chain mail
rPois   .          Reflect  .    (helmet restricted)
rElec   .          Rampage  .    j - scarf {rC+ rF+}
rCorr   .                        (no gloves)
Will    .....                    (no boots) Stlth
                                 (no amulet)
HPRegen 0.25/turn                (no ring)
MPRegen 0.09/turn                (no ring)

@: no status effects
A: antennae 1, slimy green scales 1
a: Renounce Religion


You were on level 3 of the Dungeon.
You worshipped Wu Jian.
Wu Jian was aware of your devotion.
You visited 1 branch of the dungeon, and saw 3 of its levels.

You collected 108 gold pieces.


Innate Abilities, Weirdness & Mutations

You have a pair of small antennae on your head.
You are partially covered in slimy green scales. (AC +2)


   Skills:
 - Level 3.0 Fighting
 * Level 4.0 Maces & Flails
 + Level 5.2 Armour


You had 3 spell levels left.
You didn't know any spells.
Your spell library contained the following spells:

 Spells                   Type           Power      Damage    Failure   Level
 Ensorcelled Hibernation  Hex/Ice        0%         N/A       100%        2
 Spider Form              Tmut/Pois      0%         N/A       100%        3
 Anguish                  Hex/Necr       0%         N/A       100%        4
 Summon Ice Beast         Ice/Summ       0%         N/A       100%        4
 Summon Mana Viper        Hex/Summ       0%         N/A       100%        5
 Monstrous Menagerie      Summ           0%         N/A       100%        7

Inventory:

Hand Weapons
 a - a +1 mace (weapon)
Armour
 b - a +0 chain mail (worn)
 j - a scarf of resistance (worn)
Scrolls
 d - a scroll of fear
 h - a scroll of identify {@r1}
 i - a scroll of magic mapping {unknown}
 k - a scroll of teleportation {unknown}
 l - a scroll of fog {unknown}
Potions
 c - 2 potions of attraction
 f - 2 potions of curing {@q1}

Dungeon Overview and Level Annotations

Branches:
Dungeon (3/15)

Altars:
Ashenzari
Makhleb
Wu Jian

# #..#...#
.............
#..###.##
##.##.########.
....
#..#+#..##.#
..... ##.....#
#..... ###...#
....... ##..#
......# ####.#
####....#
.......@#
...#.#.h#
.....#..# ....
#..# ##. ..>.
#. ##... ####


You could see a black bear (berserk).


Message History

The black bear claws you but does no damage. x2
The black bear bites you but does no damage.
The black bear claws you.
* * * LOW HITPOINT WARNING * * *
The black bear claws you but does no damage.
You are too injured to fight recklessly!
You hit the black bear.
The black bear is almost dead.
The black bear closely misses you. The black bear claws you.
* * * LOW HITPOINT WARNING * * *
The black bear closely misses you.
The black bear bites you but does no damage.
The black bear claws you.
* * * LOW HITPOINT WARNING * * *
The black bear claws you but does no damage.
You hit the black bear. Your punch misses the black bear.
The black bear is almost dead.
The black bear bites you but does no damage.
The black bear claws you.
* * * LOW HITPOINT WARNING * * *
The black bear claws you.
* * * LOW HITPOINT WARNING * * *
Okay, then.
Okay, then.
You barely miss the black bear.
The black bear is almost dead.
The black bear bites you.
* * * LOW HITPOINT WARNING * * *
The black bear claws you.
You die...

Skill      XL: |  1  2  3 |
---------------+----------+-----
Maces & Flails | 2 4 |  4.0
Armour         | 5 |  5.2
Fighting       | |  3.0

Action                     |  1- 3 |  4- 6 || total
---------------------------+-------+-------++-------
  Melee: Mace              |   131 |    13 ||   144
Ability: Lunge             |       |     1 ||     1
    Use: Scroll            |     4 |       ||     4
         Potion            |     2 |       ||     2
 Armour: Chain mail        |   144 |    22 ||   166
  Dodge: Dodged            |    48 |    10 ||    58

Levels and vault maps discovered:
D:1:      nicolae_arrival_washed_ashore, layout_loops_ring,
          minmay_misc_feat_square, serial_park_tiny_pond
D:2:      layout_loops_ring, dreamdust_ecumenical_altar_angels_and_demons
D:3:      cheibrodos_greedy_goblins, layout_basic, general_overflow_altar,
          bloody_makhleb, minmay_door_square, uniq_terence

Notes
Turn   | Place    | Note
-------+----------+-------------------------------------------
     0 | D:1      | demibob the Demonspawn Wanderer began the quest for the
                  | Orb.
     0 | D:1      | demibob set off with the following items: a +0 mace, a +0
                  | chain mail, a potion of attraction, a scroll of fear.
     0 | D:1      | Reached XP level 1. HP: 18/18 MP: 1/1
    54 | D:1      | Reached skill level 2 in Maces & Flails
    74 | D:1      | Gained mutation: You are partially covered in slimy green
                  | scales. (AC +2) [demonic ancestry]
    74 | D:1      | Reached XP level 2. HP: 16/24 MP: 2/2
   347 | D:1      | Identified a scarf of resistance
   927 | D:2      | Reached XP level 3. HP: 29/29 MP: 3/3
   984 | D:2      | Reached skill level 3 in Maces & Flails
  1155 | D:2      | Found a faded altar of an unknown god.
  1230 | D:2      | Prayed at the altar of an unknown god.
  1230 | D:2      | Became a worshipper of the Wu Jian Council
  1230 | D:2      | Reached * piety under Wu Jian
  1606 | D:3      | Found a burning altar of Makhleb.
  1606 | D:3      | Noticed a black bear
  1617 | D:3      | Killed a black bear
  1618 | D:3      | Reached skill level 4 in Maces & Flails
  1618 | D:3      | Reached skill level 5 in Armour
  1618 | D:3      | Gained mutation: You have a pair of small antennae on your
                  | head. [demonic ancestry]
  1618 | D:3      | Reached XP level 4. HP: 22/35 MP: 4/4
  1691 | D:3      | Found a broken altar of Ashenzari.
  1714 | D:3      | Noticed a black bear
  1728 | D:3      | HP: 3/35 [black bear (4)]
  1729 | D:3      | HP: 1/35 [black bear (2)]
  1729 | D:3      | Slain by a black bear

Vanquished Creatures
  A black bear (D:3)
  An adder (D:2)
  2 dart slugs
  A ball python (D:1)
  2 endoplasms
  4 goblins
  5 hobgoblins (D:1)
  6 jackals
  3 kobolds
  A quokka (D:1)
  A bat (D:2)
  2 rats (D:1)
29 creatures vanquished.

Table legend: (Time is in decaauts)
 A = Elapsed time spent in this place.
 B = Non-inter-level travel time spent in this place.
 C = Inter-level travel time spent in this place.
 D = Time resting spent in this place.
 E = Time spent auto-exploring this place.
 F = Levels seen in this place.
 G = Mean time per level.
                   A        B        C        D        E       F      G
               +--------+--------+--------+--------+--------+-----+--------+
         Total |   1767 |   1667 |    100 |      0 |   1362 |   3 |  589.0 |
       Dungeon |   1767 |   1667 |    100 |      0 |   1362 |   3 |  589.0 |
               +--------+--------+--------+--------+--------+-----+--------+

Top non-repeatable levels by time:
     D:1: 947 daAuts
     D:2: 608 daAuts
     D:3: 211 daAuts

Table legend:
 A = Non-vault XP
 B = Vault XP
 C = Vault XP percentage of total XP
 D = Non-vault monster count
 E = Vault monster count
 F = Vault count percentage of total count
                 A         B        C        D         E       F
            +---------+---------+-------+---------+---------+-------
      Total |     193 |       0 |   0.0 |      29 |       0 |   0.0
            +---------+---------+-------+---------+---------+-------
        D:1 |      37 |       0 |   0.0 |      19 |       0 |   0.0
        D:2 |      26 |       0 |   0.0 |       7 |       0 |   0.0
        D:3 |     130 |       0 |   0.0 |       3 |       0 |   0.0
            +---------+---------+-------+---------+---------+-------
